 Dungeon Crawl Stone Soup version 0.31.0-32-g396128a36d (webtiles) character file.

Game seed: 132880936768108566

240 GiantSquids the Chopper (level 6, -8/56 HPs)
             Began as a Hill Orc Berserker on Apr 19, 2024.
             Was a Priest of Trog.
             Mangled by a mummy (16 damage)
             ... in an ossuary.
             The game lasted 00:05:41 (2936 turns).

GiantSquids the Chopper (Hill Orc Berserker)        Turns: 2936, Time: 00:05:41

Health: -8/56      AC:  4    Str: 22    XL:     6   Next: 8%
Magic:  6/6        EV: 11    Int:  7    God:    Trog [***...]
Gold:   269        SH:  0    Dex: 10    Spells: 5/5 levels left

rFire   . . .        o - +6 club
rCold   . . .        (no shield)
rNeg    . . .        q - +0 leather armour
rPois   .            (no helmet)
rElec   .            (no cloak)
rCorr   +            p - +0 pair of gloves
SInv    .            (no boots)
Will    .....        k - amulet of faith
Stlth   +            l - ring of resist corrosion
HPRegen 0.29/turn    (no ring)
MPRegen 0.10/turn

%: faith
@: no status effects
A: no striking features
a: Renounce Religion, Berserk, Trog's Hand


You were in an ossuary.
You worshipped Trog.
Trog was most pleased with you.
You visited 1 branch of the dungeon, and saw 4 of its levels.
You also visited: Ossuary.

You collected 269 gold pieces.

Inventory:

Hand Weapons
 a - a +0 hand axe
 o - a +6 club (weapon)
Armour
 p - a +0 pair of gloves (worn)
 q - a +0 leather armour (worn)
Jewellery
 k - an amulet of faith (around neck)
 l - a ring of resist corrosion (left hand)
 t - an amulet of the acrobat
 x - a ring of fire
Wands
 n - a wand of polymorph (8)
 w - a wand of mindburst (15)
Scrolls
 c - a scroll of immolation {unknown}
 e - 2 scrolls of teleportation {unknown}
 f - a scroll of enchant armour {unknown}
 i - 4 scrolls of identify {unknown}
 j - a scroll of fog {unknown}
 s - a scroll of blinking {unknown}
 u - a scroll of vulnerability {unknown}
Potions
 b - a potion of degeneration {unknown}
 d - 2 potions of attraction {unknown}
 g - 4 potions of curing {unknown}
 h - 2 potions of might {unknown}
 m - 2 potions of cancellation {unknown}
 r - a potion of brilliance {unknown}
 v - a potion of haste {unknown}
 z - a potion of magic {unknown}


   Skills:
 + Level 5.0 Fighting
 * Level 6.8 Axes
 + Level 3.8 Armour
 - Level 1.5 Dodging


You had 5 spell levels left.
You didn't know any spells.
Your spell library was empty.

Dungeon Overview and Level Annotations

Branches:
Dungeon (4/15)            Ossuary (1/1)
 Temple: D:4-7

Altars:
Kikubaaqudgha
Okawaru
Qazlal
Vehumet
Beogh

Shops:
D:1 !


Message History

You destroy the gnoll zombie!
Trog accepts your kill. The hobgoblin zombie misses you.
The kobold zombie closely misses you.
The orc zombie hits you but does no damage.
You completely miss the orc zombie. The hobgoblin zombie hits you.
The gnoll zombie barely misses you. The kobold zombie misses you.
The orc zombie hits you but does no damage.
You hit the hobgoblin zombie.
The hobgoblin zombie is severely damaged.
The hobgoblin zombie hits you. The kobold zombie barely misses you.
You hit the hobgoblin zombie.
You destroy the hobgoblin zombie!
Trog accepts your kill. The kobold zombie barely misses you.
You hit the kobold zombie.
The kobold zombie is severely damaged.
The gnoll zombie hits you but does no damage.
The kobold zombie misses you.
You sock the kobold zombie!
You destroy the kobold zombie!
Trog accepts your kill. The mummy closely misses you. The mummy hits you!
The gnoll zombie hits you.
You hit the gnoll zombie.
The gnoll zombie is moderately damaged.
The mummy hits you but does no damage. The gnoll zombie barely misses you.
The mummy hits you!
You hit the gnoll zombie.
The gnoll zombie is heavily damaged.
The gnoll zombie misses you.
You sock the mummy!
The mummy is heavily damaged.
The mummy hits you!!
* * * LOW HITPOINT WARNING * * *
The mummy barely misses you.
You thump the mummy!
The mummy is almost destroyed.
The gnoll zombie hits you.
* * * LOW HITPOINT WARNING * * *
The mummy hits you!
You die...

...........
.........
........
......
#....#
#..ZZ#
#.ZMM#
#..@.#
#....#
#....#
#....#
#....#
#.∩∩.#
######


You could see 2 mummies, a hobgoblin zombie, a gnoll zombie and an orc zombie.

Vanquished Creatures
  A bombardier beetle (D:3)
  An orc priest (D:3)
  Jessica (D:2)
  4 gnolls (D:4)
  2 adders (D:3)
  3 dart slugs
  5 orcs (D:3)
  9 endoplasms
  A giant cockroach (D:3)
  A gnoll zombie (Ossuary)
  7 goblins
  8 hobgoblins
  4 jackals (D:2)
  2 quokkas
  5 ball pythons
  2 bats
  3 frilled lizards
  2 hobgoblin zombies (Ossuary)
  6 kobolds
  A kobold zombie (Ossuary)
  5 rats
73 creatures vanquished.

Vanquished Creatures (others)
  An orc wizard (D:3)
1 creature vanquished.

Grand Total: 74 creatures vanquished

Notes
Turn   | Place    | Note
-------+----------+-------------------------------------------
     0 | D:1      | GiantSquids the Hill Orc Berserker began the quest for the
                  | Orb.
     0 | D:1      | Reached XP level 1. HP: 19/19 MP: 1/1
   111 | D:1      | Reached XP level 2. HP: 18/27 MP: 2/2
   306 | D:1      | Found Peheol's Distillery.
   671 | D:2      | Noticed Jessica
   679 | D:2      | Killed Jessica
   680 | D:2      | Reached skill level 5 in Axes
   680 | D:2      | Reached XP level 3. HP: 9/33 MP: 3/3
   951 | D:2      | Reached ** piety under Trog
  1155 | D:2      | Reached XP level 4. HP: 40/40 MP: 4/4
  1364 | D:3      | Found a stormy altar of Qazlal.
  1375 | D:3      | Found a roughly hewn altar of Beogh.
  1394 | D:3      | Reached XP level 5. HP: 29/47 MP: 5/5
  1489 | D:3      | Found an iron altar of Okawaru.
  1549 | D:3      | Found a radiant altar of Vehumet.
  1628 | D:3      | Found an ancient bone altar of Kikubaaqudgha.
  1750 | D:3      | Reached skill level 6 in Axes
  2766 | D:4      | Reached skill level 5 in Fighting
  2766 | D:4      | Reached XP level 6. HP: 20/56 MP: 6/6
  2769 | D:4      | Reached *** piety under Trog
  2907 | D:4      | Found a sand-covered staircase.
  2916 | Ossuary  | Entered an ossuary
  2936 | Ossuary  | Mangled by a mummy

Illustrated notes

Levels and vault maps discovered:
D:1:      minmay_arrival_jagged, layout_basic, serial_shops,
          nicolae_shop_industrial_runoff, minmay_misc_feat_five
D:2:      layout_rooms, minmay_pentomino_w2, uniq_jessica
D:3:      minmay_chambers_of_threes, layout_loops_ring,
          mainiacjoe_overflow_boulevard, nicolae_qazlal_scattered_showers,
          fiery_altar_vehumet, overflow_temple_1_default,
          serial_co_window_serial, co_window_paths_a, co_window_corner_a,
          co_window_paths_b, co_window_corner_a, co_window_corner_a,
          co_window_2corner, co_window_unsneaky_path_d, co_window_cross_4,
          co_window_2corner, co_window_of_opportunity_c,
          co_window_of_opportunity_b, glass_columns_c, glass_columns_b,
          glass_columns_b, kennysheep_orc_chapel
D:4:      layout_basic, mainiacjoe_overflow_cross_hatched,
          nicolae_ossuary_entry_monument, roderic_serpentine_path,
          dk_noncrumbling_2
Ossuary:  ossuary_tomb_3

Skill      XL: |  1  2  3  4  5 |
---------------+----------------+-----
Fighting       | 4 5 |  5.0
Axes           | 5 6 |  6.8
Armour         | 3 |  3.8
Dodging        | |  1.5

Action                     |  1- 3 |  4- 6 || total
---------------------------+-------+-------++-------
  Melee: Hand axe          |    33 |       ||    33
         Club              |    32 |   113 ||   145
         Punch             |       |     1 ||     1
 Invoke: Berserk           |     1 |     1 ||     2
   Stab: Sleeping          |       |     1 ||     1
 Armour: Animal skin       |    36 |       ||    36
         Leather armour    |     1 |    81 ||    82
  Dodge: Dodged            |    46 |    72 ||   118
